AoeStats
← 根本赢不了

Arabia

510259346Analyzed
1v1 RM · 1d ago on Sep 30, 2026· 31m 49s· 2 players
Game mode
Random Map
Map size
Tiny (2 player)
Population
200
Speed
Normal
Resources
Standard
Victory
Conquest
Starting age
Dark Age
Ending age
Imperial Age
RankedLock teamsTeams togetherTeam positionsShared explorationLock speedFull tech treeHidden civsTurbo modeCheats
Victory
Defeat
🇨🇳 Varangians · China
1114
+24
🇨🇳 Chinese · China
1133
-17
根本赢不了
6:00 Loom
8:58 Feudal Age
9:40 Double-Bit Axe
14:25 Bloodlines
20:03 Castle Age
17:58 Horse Collar
19:38 Wheelbarrow
20:29 Scale Barding Armor
20:35 Forging
24:54 Chain Barding Armor
27:10 Bow Saw
27:02 Heavy Plow
28:05 Gold Mining
31:03 Iron Casting
30:49 Husbandry
arbiterws
0:31 Loom
9:51 Feudal Age
18:24 Double-Bit Axe
19:53 Gold Mining
19:45 Horse Collar
22:16 Castle Age
21:43 Scale Mail Armor
21:54 Forging
21:59 Stone Mining
22:29 Pikeman
23:10 Squires
24:05 Iron Casting
Connection lost

Rejoining the realm…

Still unreachable

The connection could not be restored.

Session expired

The server has moved on; the page needs a fresh start.